 Dungeon Crawl Stone Soup version 0.31-a0-590-g8a5a4361df (webtiles) character file.

Game seed: 11775567292287953234

1794 thirtiethelement the Firebug (level 8, -1/56 (60) HPs)
             Began as a Demonspawn Cinder Acolyte on Aug 20, 2023.
             Was a High Priest of Ignis.
             Slain by Jeremiah
             ... wielding a +4 trident of draining
              (7 damage)
             ... on level 6 of the Dungeon.
             The game lasted 00:15:21 (5690 turns).

thirtiethelement the Firebug (DsCA)                 Turns: 5690, Time: 00:15:21

HP:   -1/56 (60)    AC:  8    Str: 14    XL:     8   Next: 82%
MP:   14/16         EV: 15    Int: 18    God:    Ignis [*****.]
Gold: 236           SH:  5    Dex:  9    Spells: 15/17 levels left

rFire   + + +        a - -1 falchion (flame)
rCold   . . .        (no shield)
rNeg    . . .        n - +1 ring mail {Will+}
rPois   .            (no helmet)
rElec   .            (no cloak)
rCorr   .            (no gloves)
SInv    .            (no boots)
Will    +....        w - amulet of reflection
Stlth   +            k - ring of fire
HPRegen 0.29/turn    l - +5 ring of evasion
MPRegen 0.15/turn

%: reflection
@: drained
A: hooves 1, icy blue scales 1, spiny 2, cold resistance 1, fire resistance 1
a: Renounce Religion, Fiery Armour, Foxfire Swarm, Rising Flame


You were on level 6 of the Dungeon.
You worshipped Ignis.
Ignis was extremely pleased with you.
You visited 1 branch of the dungeon, and saw 6 of its levels.

You collected 236 gold pieces.

Inventory:

Hand Weapons
 a - a -1 falchion of flaming (weapon)
 g - a +0 long sword
 r - a +0 long sword
Missiles
 d - 13 javelins
 i - 7 boomerangs (quivered)
Armour
 n - a +1 ring mail of willpower (worn)
 v - a +0 kite shield
Magical Staves
 s - a staff of death
Jewellery
 k - a ring of fire (left hand)
 l - a +5 ring of evasion (right hand)
 w - an amulet of reflection (around neck)
Wands
 t - a wand of iceblast (3)
 u - a wand of charming (9)
Scrolls
 c - a scroll of immolation {unknown}
 e - a scroll of poison {unknown}
 q - a scroll of enchant weapon {unknown}
 x - a scroll of teleportation {unknown}
 y - a scroll of butterflies {unknown}
Potions
 b - 6 potions of curing
 f - a potion of heal wounds {unknown}
 h - a potion of magic {unknown}
 j - 2 potions of lignification
 m - 2 potions of haste
 o - a potion of might {unknown}
 p - a potion of mutation


   Skills:
 + Level 3.8 Fighting
 + Level 3.7 Long Blades
 + Level 3.8 Throwing
 + Level 2.9 Armour
 + Level 1.7 Dodging
 + Level 0.8 Stealth
 + Level 5.4 Spellcasting
 + Level 6.4 Fire Magic


You had 15 spell levels left.
You knew the following spells:

 Your Spells              Type           Power      Damage    Failure   Level
a - Scorch                Fire           84%        2d8       2%          2

Your spell library contained the following spells:

 Spells                   Type           Power      Damage    Failure   Level
 Foxfire                  Conj/Fire      96%        2x1d8     7%          1
 Magic Dart               Conj           16%        1d3       26%         1
 Searing Ray              Conj           8%         2d4       36%         2
 Tukima's Dance           Hex            4%         N/A       58%         3
 Fulminant Prism          Conj/Hex       2%         3d5       94%         4
 Passage of Golubria      Tloc           4%         N/A       94%         4
 Yara's Violent Unravell  Hex/Tmut       2%         3d3       100%        5
 Plasma Beam              Fire/Air       12%        2x1d23    100%        6
 Starburst                Conj/Fire      12%        6d5       100%        6


Dungeon Overview and Level Annotations

Branches:
Dungeon (6/15)             Temple (0/1) D:6

Altars:
Hepliaklqana

Shops:
D:2 [

Annotations:
D:6 Jeremiah


Innate Abilities, Weirdness & Mutations

You have large cloven feet.
You are partially covered in icy blue scales. (AC +2)
You are mostly covered in sharp spines.
Your flesh is cold resistant. (rC+)
Your flesh is heat resistant. (rF+)


Message History

The boomerang barely misses the butterfly.
The boomerang hits Jeremiah but does no damage.
Jeremiah is lightly wounded.
Jeremiah hits you from afar with a +4 trident of draining!
You feel drained.
Casting: Scorch (safe; 2% risk of failure)
Confirm with . or Enter, or press ? or * to list all spells.
You feel a surge of power!
Flames lash the butterfly.
You kill the butterfly!
The butterfly disappears in a burst of colours!
Jeremiah lets out a twisted cry.
Something smites you! You block Jeremiah's attack.
You barely miss Jeremiah. Your kick misses Jeremiah.
Jeremiah is lightly wounded.
The butterfly disappears in a burst of colours!
Jeremiah shouts, "O dreadful one, destroy my foe!"
Something smites you!
Activating: Foxfire Swarm
Press: ? - help, Dir - look around, f - activate Flames leap up around you!
The foxfire hits the butterfly.
You kill the butterfly!
The butterfly disappears in a burst of colours!
The foxfire hits the butterfly.
You kill the butterfly!
The butterfly disappears in a burst of colours!
The foxfire hits the butterfly.
You kill the butterfly!
The butterfly disappears in a burst of colours!
The foxfire hits the butterfly.
You kill the butterfly!
The butterfly disappears in a burst of colours!
The foxfire hits the butterfly.
You kill the butterfly!
The butterfly disappears in a burst of colours!
Jeremiah hits you with a +4 trident of draining!
* * * LOW HITPOINT WARNING * * *
You feel drained.
You die...
Jeremiah says, "O terrible one, your will is done."

##..#...........##'###+###
....'...........+...#
....#..........b#...#
##+##.........b.##..# #####
#.......####.....#'####...###
#..<....# #.....#..........#
#..†....# #..vb.#..........#
#.......# #...Fb#....#.....#
#.......# #..bb@####.#######
#.......# #..v.vvv...#
#......## #b..b......#
#......# #..b.......#
#......+ #..........#
############


You could see Jeremiah.

Vanquished Creatures
  A hornet (D:4)
  Prince Ribbit (D:5)
  Edmund (D:4)
  2 orc warriors
  2 ogres (D:4)
  An ice beast (D:6)
  2 phantoms
  2 bullfrogs
  3 scorpions (D:6)
  An orc priest (D:5)
  3 iguanas
  2 orc wizards
  5 gnolls
  7 adders
  A shadow imp (D:5)
  2 worms
  6 dart slugs
  11 orcs
  4 ball pythons
  3 endoplasms
  A giant cockroach (D:1)
  6 goblins
  7 hobgoblins
  13 jackals
  6 quokkas
  5 bats
  2 frilled lizards (D:1)
  9 kobolds
  3 rats
112 creatures vanquished.

Notes
Turn   | Place    | Note
-------+----------+-------------------------------------------
     0 | D:1      | thirtiethelement the Demonspawn Cinder Acolyte began the
                  | quest for the Orb.
     0 | D:1      | Reached XP level 1. HP: 18/18 MP: 2/2
   263 | D:1      | Gained mutation: You are partially covered in sharp spines.
                  | [demonic ancestry]
   263 | D:1      | Reached XP level 2. HP: 23/24 MP: 3/3
   266 | D:1      | Learned a level 2 spell: Scorch
   885 | D:1      | Gained mutation: You are mostly covered in sharp spines.
                  | [demonic ancestry]
   885 | D:1      | Reached XP level 3. HP: 29/29 MP: 1/4
  1317 | D:2      | Reached skill level 3 in Fire Magic
  1439 | D:2      | Found Omolon's Armour Shop.
  2038 | D:3      | Gained mutation: You have large cloven feet. [demonic
                  | ancestry]
  2038 | D:3      | Reached XP level 4. HP: 35/35 MP: 3/6
  2673 | D:3      | Reached skill level 1 in Dodging
  2976 | D:3      | Reached XP level 5. HP: 41/41 MP: 2/7
  3260 | D:4      | Reached skill level 1 in Armour
  3359 | D:4      | Noticed a phantom
  3364 | D:4      | Killed a phantom
  3365 | D:4      | Reached XP level 6. HP: 47/47 MP: 2/9
  3392 | D:4      | Reached skill level 1 in Throwing
  3392 | D:4      | Reached skill level 4 in Fire Magic
  3687 | D:4      | Noticed a hornet
  3693 | D:4      | Killed a hornet
  3694 | D:4      | Gained mutation: You are partially covered in icy blue
                  | scales. (AC +2) [demonic ancestry]
  3694 | D:4      | Reached XP level 7. HP: 44/52 MP: 4/11
  4047 | D:5      | Entered Level 5 of the Dungeon
  4167 | D:5      | Noticed Edmund
  4192 | D:4      | Killed Edmund
  4341 | D:5      | Reached skill level 5 in Fire Magic
  4341 | D:5      | Reached XP level 8. HP: 55/60 MP: 5/14
  4541 | D:5      | Noticed Prince Ribbit
  4550 | D:5      | Killed Prince Ribbit
  4759 | D:5      | Found a faded altar of an unknown god.
  4763 | D:5      | Found a hazy altar of Hepliaklqana.
  5085 | D:6      | Reached skill level 6 in Fire Magic
  5162 | D:6      | Reached skill level 5 in Spellcasting
  5322 | D:6      | Found a staircase to the Ecumenical Temple.
  5381 | D:6      | Gained mutation: You do not regenerate when monsters are
                  | visible. [potion of mutation]
  5382 | D:6      | Lost mutation: You do not regenerate when monsters are
                  | visible. [potion of mutation]
  5382 | D:6      | Gained mutation: Your flesh is cold resistant. (rC+)
                  | [potion of mutation]
  5382 | D:6      | Gained mutation: Your flesh is heat resistant. (rF+)
                  | [potion of mutation]
  5682 | D:6      | Noticed Jeremiah
  5690 | D:6      | Slain by Jeremiah

Illustrated notes

Levels and vault maps discovered:
D:1:      ebering_hopf_link, layout_basic, kennysheep_doodads
D:2:      layout_basic, serial_shops, nicolae_shop_statue_plus,
          grunt_decor_mini_mirrors
D:3:      minmay_evil_eye, layout_loops_corners, serial_rivers,
          chequers_serial_rivers_room_a, chequers_serial_rivers_micro_d,
          chequers_serial_rivers_micro_d, chequers_serial_rivers_micro_d,
          chequers_serial_rivers_micro_a, chequers_serial_rivers_micro_e
D:4:      layout_rooms
D:5:      layout_cave_pools, beargit_hepliaklqana_dungeon_heroes,
          uniq_prince_ribbit1, uniq_edmund
D:6:      layout_gridville, minmay_temple_entry_overgrown, uniq_jeremiah

Skill      XL: |  1  2  3  4  5  6  7  8 |
---------------+-------------------------+-----
Long Blades    | 3 |  3.7
Fire Magic     | 3 4 5 6 |  6.4
Dodging        | 1 |  1.7
Spellcasting   | 2 3 4 5 |  5.4
Armour         | 1 2 |  2.9
Throwing       | 2 3 |  3.8
Fighting       | |  3.8
Stealth        | |  0.8

Action                     |  1- 3 |  4- 6 |  7- 9 || total
---------------------------+-------+-------+-------++-------
  Melee: Falchion          |    87 |    17 |    14 ||   118
         Kick              |       |     5 |     3 ||     8
         Punch             |       |       |     1 ||     1
  Throw: Boomerang         |     5 |    59 |    39 ||   103
   Cast: Scorch            |    23 |    35 |    54 ||   112
 Invoke: Foxfire Swarm     |       |       |     1 ||     1
    Use: Scroll            |       |       |     4 ||     4
         Potion            |       |       |     2 ||     2
 Armour: Leather armour    |    26 |       |       ||    26
         Ring mail         |       |     3 |     8 ||    11
  Dodge: Dodged            |    48 |    15 |    37 ||   100
  Block: Other             |       |       |     1 ||     1

Table legend: (Time is in decaauts)
 A = Elapsed time spent in this place.
 B = Non-inter-level travel time spent in this place.
 C = Inter-level travel time spent in this place.
 D = Time resting spent in this place.
 E = Time spent auto-exploring this place.
 F = Levels seen in this place.
 G = Mean time per level.
                   A        B        C        D        E       F      G
               +--------+--------+--------+--------+--------+-----+--------+
         Total |   5732 |   5580 |    152 |    210 |   4625 |   6 |  955.3 |
       Dungeon |   5732 |   5580 |    152 |    210 |   4625 |   6 |  955.3 |
               +--------+--------+--------+--------+--------+-----+--------+

Top non-repeatable levels by time:
     D:3: 1409 daAuts
     D:1: 1054 daAuts
     D:4: 959 daAuts
     D:5: 875 daAuts
     D:2: 812 daAuts
     D:6: 621 daAuts
